 Dungeon Crawl Stone Soup version 0.29.1-12-g30fa7ad0bf (webtiles) character file.

Game seed: 18007628899211688332

7751 wingedge the Fighter (level 11, -8/74 HPs)
             Began as a Gargoyle Earth Elementalist on Dec 19, 2022.
             Was a Believer of Vehumet.
             Mangled by Snorg (15 damage)
             ... on level 10 of the Dungeon.
             The game lasted 00:31:23 (13194 turns).

wingedge the Fighter (Gargoyle Earth Elementalist) Turns: 13194, Time: 00:31:23

Health: -8/74      AC: 24    Str: 12    XL:     11   Next: 20%
Magic:  3/29       EV: 12    Int: 15    God:    Vehumet [**....]
Gold:   811        SH:  5    Dex: 15    Spells: 13/22 levels left

rFire   . . .      SeeInvis .   K - +1 scimitar (elec)
rCold   + + +      Faith    .   (no shield)
rNeg    + . .      Spirit   .   s - +2 ring mail {Will+}
rPois   ∞          Reflect  +   f - +2 helmet
rElec   +          Harm     .   F - +1 cloak
rCorr   .          Rampage  .   H - +1 pair of gloves
Will    ++...                   (no boots)
Stlth   +.........              y - amulet of reflection
HPRegen 0.22/turn               o - ring of willpower
MPRegen 0.21/turn               d - ring of Zehamnew {rC+++ MP+9 Int-5 Dex+5}

@: mighty, hasted, very quick
A: sickness immunity, AC +8, negative energy resistance 1, electricity
resistance, torment resistance 1, petrification resistance
a: Renounce Religion


You were on level 10 of the Dungeon.
You worshipped Vehumet.
Vehumet was pleased with you.
You visited 2 branches of the dungeon, and saw 11 of its levels.
You also visited: Ossuary.

You collected 811 gold pieces.

Inventory:

Hand Weapons
 k - a +1 dagger of venom
 A - the +2 mace "Goitwa" {vorpal, Dex+8}
   (You found it on level 5 of the Dungeon)

   It inflicts extra damage upon your enemies.
   Dex:       It affects your dexterity (+8).
 B - the +9 whip of Cataclysm {holy, rF+ rN+ Will+ Str-4}
   (You found it on level 5 of the Dungeon)

   It has been blessed by the Shining One to cause great damage to the undead
   and demons.
   Str:       It affects your strength (-4).
   rF:        It protects you from fire.
   rN:        It protects you from negative energy.
   Will:      It increases your willpower.
 K - a +1 scimitar of electrocution (weapon)
Armour
 b - the +1 robe "Nutzef" {Dex+4}
   (You found it on level 8 of the Dungeon)

   Dex:       It affects your dexterity (+4).
 f - a +2 helmet (worn)
 i - the +0 pair of gloves of the Spheres {rElec rC+}
   (You found it on level 6 of the Dungeon)

   rC:        It protects you from cold.
   rElec:     It insulates you from electricity.
 m - a scarf of harm
 s - a +2 ring mail of willpower (worn)
 F - a +1 cloak (worn)
 H - a +1 pair of gloves (worn)
Magical Staves
 j - a staff of death
Jewellery
 d - the ring of Zehamnew (right hand) {rC+++ MP+9 Int-5 Dex+5}
   (You acquired it on level 2 of the Dungeon)

   [ring of magical power]

   Int:       It affects your intelligence (-5).
   Dex:       It affects your dexterity (+5).
   rC:        It renders you almost immune to cold.
   MP:        It affects your magic capacity (+9).
 o - a ring of willpower (left hand)
 y - an amulet of reflection (around neck)
Wands
 h - a wand of digging (3)
 p - a wand of flame (99)
 u - a wand of roots (7)
 z - a wand of polymorph (8)
 G - a wand of mindburst (20)
Scrolls
 a - 2 scrolls of fog
 e - a scroll of fear
 n - 6 scrolls of amnesia
 q - 4 scrolls of immolation
 v - 2 scrolls of brand weapon {unknown}
 w - 2 scrolls of magic mapping {unknown}
 C - a scroll of blinking {unknown}
 E - a scroll of enchant weapon {unknown}
 I - a scroll of poison {unknown}
 J - a scroll of teleportation {unknown}
 N - a scroll of enchant armour
 O - a scroll of noise {unknown}
 P - a scroll of summoning {unknown}
Potions
 c - 4 potions of flight {unknown}
 l - 5 potions of curing
 r - 2 potions of mutation
 t - 4 potions of lignification {unknown}
 x - a potion of brilliance {unknown}
 D - a potion of berserk rage {unknown}
 M - 3 potions of heal wounds {unknown}


   Skills:
 + Level 11.0 Fighting
 - Level 6.0 Armour
 - Level 4.0 Dodging
 - Level 2.1 Stealth
 - Level 6.0 Spellcasting
 - Level 6.0 Conjurations
 - Level 0.7 Transmutations
 - Level 3.0 Air Magic
 - Level 7.0 Earth Magic
 - Level 5.0 Poison Magic


You had 13 spell levels left.
You knew the following spells:

 Your Spells              Type           Power      Damage    Failure   Level
a - Sandblast             Erth           50%        2d12      1%          1
b - Stone Arrow           Conj/Erth      48%        3d10      6%          3
c - Passwall              Tmut/Erth      13%        N/A       10%         2
d - Mephitic Cloud        Conj/Pois/Air  18%        N/A       14%         3

Your spell library contained the following spells:

 Spells                   Type           Power      Damage    Failure   Level
 Foxfire                  Conj/Fire      52%        2x1d6     9%          1
 Magic Dart               Conj           88%        1d7       2%          1
 Spider Form              Tmut/Pois      13%        N/A       28%         3
 Call Imp                 Summ           4%         N/A       41%         2
 Ensorcelled Hibernation  Hex/Ice        8%         N/A       41%         2
 Petrify                  Tmut/Erth      16%        N/A       52%         4
 Ozocubu's Armour         Ice            4%         N/A       65%         3
 Anguish                  Hex/Necr       2%         N/A       96%         4
 Metabolic Englaciation   Hex/Ice        2%         N/A       100%        5
 Simulacrum               Ice/Necr       2%         N/A       100%        6


Dungeon Overview and Level Annotations

Branches:
Dungeon (10/15)            Temple (1/1) D:5         Ossuary (visited)
   Lair: D:8-11         Orc: D:9-12

Altars:
Ashenzari
Cheibriados
Dithmenos
Elyvilon
Fedhas
Gozag
Hepliaklqana
Kikubaaqudgha
Makhleb
Nemelex Xobeh
Okawaru
Qazlal
Ru
Sif Muna
Trog
Uskayaw
Vehumet
Wu Jian
Xom
Yredelemnul
Zin
The Shining One

Annotations:
D:4 3 runed translucent doors, Radix's ghost, amateur HuBr
D:10 Snorg


Innate Abilities, Weirdness & Mutations

You are immune to sickness and miasma.
Your stone body is resilient. (AC +8)
You are immune to poison.
You resist negative energy. (rN+)
You are resistant to electric shocks. (rElec)
You are resistant to unholy torment.
You are immune to petrification.


Message History

Unknown command.
Unknown command.
The +9 whip of Cataclysm {holy, rF+ rN+ Will+ Str-4} stops glowing.
You hear the crackle of electricity.
K - a +1 scimitar of electrocution (weapon)
Snorg bites you! Snorg claws you but does no damage. x2
You slash Snorg!
Snorg is moderately wounded.
Your magical contamination has completely faded away.
You catch the helpless Snorg completely off-guard!
You hit Snorg. Lightning courses through Snorg!
Snorg is moderately wounded.
Snorg seems less confused.
Snorg misses you. You block Snorg's attack. Snorg closely misses you.
You block Snorg's attack. Snorg claws you. Snorg claws you but does no damage.
You hit Snorg but do no damage.
Snorg is moderately wounded.
Snorg closely misses you. Snorg barely misses you. You block Snorg's attack.
You barely miss Snorg.
Snorg is moderately wounded.
Snorg bites you. Snorg claws you but does no damage. You block Snorg's attack.
Snorg bites you. Snorg claws you. Snorg claws you but does no damage.
You feel very mighty all of a sudden. Snorg completely misses you.
You block Snorg's attack. x2
You slash Snorg!
Snorg is heavily wounded.
Snorg goes berserk!
You barely miss Snorg.
Snorg is heavily wounded.
Snorg bites you. Snorg misses you. Snorg closely misses you.
Snorg bites you but does no damage. Snorg closely misses you. Snorg claws you!
* * * LOW HITPOINT WARNING * * *
Okay, then.
You feel yourself speed up. Snorg bites you.
* * * LOW HITPOINT WARNING * * *
You block Snorg's attack. Snorg closely misses you. Snorg bites you!
* * * LOW HITPOINT WARNING * * *
Snorg closely misses you. You block Snorg's attack.
Snorg attacks as you move away! Snorg bites you!
You die...

#...#.......#
#####...#.......#
........#.......###
........#..........
........##....#....
....(...##.........
#...T.##.....#...
#....@##.........
#....!......####.
####.###.........
#)........###.
####......##
#####.............
.....#.......####
#....#.#......#
#.#.##.#......#


You could see Snorg (berserk).

Vanquished Creatures
  Erica (D:10)
  2 two-headed ogres
  Amaemon (D:9)
  Maurice (D:8)
  Joseph (D:8)
  An orange demon (D:9)
  Sigmund (D:2)
  A wraith (D:9)
  4 yaks (D:9)
  2 wyverns
  A steam dragon (D:9)
  2 acid dragons
  A black bear (D:8)
  An ice beast (D:5)
  An orc warrior (D:9)
  2 sky beasts
  4 centaurs
  2 kobold brigands
  A necrophage (D:6)
  4 bullfrogs
  6 scorpions
  4 killer bees
  6 electric eels (D:5)
  A centaur zombie (Ossuary)
  A human zombie (Ossuary)
  4 hounds
  5 iguanas
  A jelly (D:4)
  6 orc priests
  Terence (D:2)
  7 orc wizards
  2 mummies (Ossuary)
  Robin (D:2)
  A gnoll (D:1)
  11 adders
  A shadow imp (D:7)
  2 ufetubi
  A worm (D:2)
  2 dart slugs
  19 orcs
  8 ball pythons
  4 endoplasms
  2 giant cockroaches (D:2)
  2 gnoll zombies (Ossuary)
  8 hobgoblins
  5 jackals
  3 quokkas
  3 bats
  3 frilled lizards (D:2)
  11 goblins
  2 goblin zombies (Ossuary)
  3 hobgoblin zombies (Ossuary)
  15 kobolds
  5 orc zombies (Ossuary)
  4 rats
194 creatures vanquished.

Vanquished Creatures (others)
  A wizard (D:4)
  4 plants (D:5)
5 creatures vanquished.

Grand Total: 199 creatures vanquished

Notes
Turn   | Place    | Note
-------+----------+-------------------------------------------
     0 | D:1      | wingedge the Gargoyle Earth Elementalist began the quest
                  | for the Orb.
     0 | D:1      | Reached XP level 1. HP: 10/10 MP: 3/3
   424 | D:1      | Reached skill level 1 in Fighting
   424 | D:1      | Reached XP level 2. HP: 16/16 MP: 1/5
  1076 | D:2      | Reached XP level 3. HP: 21/21 MP: 4/6
  1162 | D:2      | Reached skill level 2 in Fighting
  1342 | D:2      | Found a hide-covered altar of Uskayaw.
  1451 | D:2      | Noticed Robin
  1466 | D:2      | Killed Robin
  1492 | D:2      | Reached XP level 4. HP: 10/26 MP: 1/8
  1900 | D:2      | Identified a scroll of acquirement
  1901 | D:2      | Acquired the ring of Zehamnew {rC+++ MP+9 Int-5 Dex+5}
  1997 | D:2      | Learned a level 3 spell: Stone Arrow
  1997 | D:2      | Noticed Terence
  2006 | D:2      | Killed Terence
  2007 | D:2      | Reached skill level 1 in Conjurations
  2203 | D:2      | Noticed Sigmund
  2208 | D:2      | Killed Sigmund
  2209 | D:2      | Reached XP level 5. HP: 25/30 MP: 6/11
  2209 | D:2      | Reached XP level 6. HP: 29/35 MP: 6/12
  3210 | D:4      | Found an iron altar of Okawaru.
  3376 | D:4      | Found a runed translucent gate.
  3376 | D:4      | Found a runed translucent gate.
  3376 | D:4      | Noticed Radix's ghost (amateur HuBr)
  3377 | D:4      | Found a runed translucent gate.
  3392 | D:4      | Reached skill level 3 in Fighting
  3598 | D:3      | Reached skill level 4 in Fighting
  3598 | D:3      | Reached XP level 7. HP: 32/43 MP: 11/13
  3680 | D:3      | Found a burning altar of Makhleb.
  4173 | D:4      | Found a bloodstained altar of Trog.
  4207 | D:4      | Found a broken altar of Ashenzari.
  4472 | D:4      | Reached skill level 5 in Fighting
  4767 | D:4      | Reached skill level 1 in Armour
  4878 | D:4      | Noticed a wizard
  4881 | D:4      | Killed a wizard
  4932 | D:5      | Entered Level 5 of the Dungeon
  4933 | D:5      | Found a staircase to the Ecumenical Temple.
  5071 | Temple   | Entered the Ecumenical Temple
  5303 | Temple   | Became a worshipper of Vehumet
  5533 | D:5      | Identified the +2 mace "Goitwa" {vorpal, Dex+8}
  5613 | D:5      | Reached skill level 5 in Earth Magic
  5656 | D:5      | Identified the +9 whip of Cataclysm {holy, rF+ rN+ Will+
                  | Str-4}
  5819 | D:5      | Found a shimmering altar of Xom.
  5850 | D:5      | Learned a level 2 spell: Passwall
  5944 | D:5      | Reached XP level 8. HP: 49/49 MP: 13/14
  6180 | D:5      | Reached skill level 6 in Fighting
  6530 | D:5      | Reached skill level 7 in Fighting
  6911 | D:6      | Reached skill level 5 in Conjurations
  7574 | D:6      | Reached * piety under Vehumet
  7574 | D:6      | Offered knowledge of Freeze by Vehumet.
  7575 | D:6      | Reached XP level 9. HP: 8/57 MP: 2/15
  7883 | D:6      | Identified the +0 pair of gloves of the Spheres {rElec rC+}
  8279 | D:6      | Reached skill level 8 in Fighting
  8923 | D:7      | Found a hide-covered altar of Uskayaw.
  9463 | D:8      | Noticed a two-headed ogre
  9483 | D:8      | Killed a two-headed ogre
  9484 | D:8      | Reached skill level 9 in Fighting
  9707 | D:8      | Reached skill level 10 in Fighting
  9847 | D:8      | Identified the +1 robe "Nutzef" {Dex+4}
  9860 | D:8      | Found an ornate altar of the Wu Jian Council.
  9868 | D:8      | Found a basalt altar of Yredelemnul.
  9882 | D:8      | Found a glowing golden altar of the Shining One.
  9882 | D:8      | Found a white marble altar of Elyvilon.
  9917 | D:8      | Found a sand-covered staircase.
  9921 | D:8      | Noticed Joseph
  9923 | Ossuary  | Entered an ossuary
 10270 | Ossuary  | Reached XP level 10. HP: 68/68 MP: 14/16
 10432 | D:8      | Killed Joseph
 10433 | D:8      | Reached skill level 5 in Armour
 10679 | D:8      | Noticed Maurice
 10929 | D:8      | Killed Maurice
 10929 | D:8      | Offered knowledge of Foxfire by Vehumet.
 11147 | D:8      | Reached ** piety under Vehumet
 11409 | D:8      | Found a blossoming altar of Fedhas.
 11482 | D:8      | Learned a level 3 spell: Mephitic Cloud
 11675 | D:9      | Noticed an orange demon
 11676 | D:9      | Noticed Amaemon
 11692 | D:9      | Killed Amaemon
 11693 | D:9      | Reached skill level 11 in Fighting
 11693 | D:9      | Reached skill level 1 in Air Magic
 11693 | D:9      | Reached skill level 1 in Poison Magic
 11694 | D:9      | Killed an orange demon
 12112 | D:9      | Noticed a two-headed ogre
 12116 | D:9      | Killed a two-headed ogre
 12293 | D:9      | Reached XP level 11. HP: 74/74 MP: 4/17
 12628 | D:9      | Reached skill level 5 in Spellcasting
 12628 | D:9      | Reached skill level 5 in Poison Magic
 12790 | D:9      | Found a shimmering blue altar of Sif Muna.
 13143 | D:10     | Entered Level 10 of the Dungeon
 13166 | D:10     | Noticed Snorg
 13167 | D:10     | Noticed Erica
 13182 | D:10     | Killed Erica
 13194 | D:10     | Mangled by Snorg

Illustrated notes

Levels and vault maps discovered:
D:1:      ebering_trefoil_twist, layout_basic
D:2:      layout_loops_corners, basic_altar, uniq_robin, uniq_terence,
          uniq_sigmund
D:3:      layout_basic, bloody_makhleb
D:4:      layout_gridville, lemuel_coloured_pillars_altar,
          mainiacjoe_overflow_tiny_flanked, trog_wizard, gammafunk_ghost_split,
          chequers_serial_rivers_micro_a
D:5:      cheibrodos_two_vegetables, layout_basic, tgw_xom, temple_fountains,
          dk_noncrumbling_4, chequers_mini_garden
D:6:      minmay_cornered_nines, layout_basic, kennysheep_generic_room_6
D:7:      layout_loops_ring, kennysheep_mini, patterned_corridor
D:8:      layout_cave_pools, nicolae_overflow_hidden_temple,
          fedhas_bush_and_centaur_altar, nicolae_ossuary_entry_ruins,
          uniq_maurice, uniq_joseph
D:9:      layout_basic, mainiacjoe_overflow_alcove_1, uniq_amaemon
D:10:     layout_basic, uniq_erica, uniq_grum, uniq_snorg
Temple:   dpeg_chambers_temple

Skill      XL: |  1  2  3  4  5  6  7  8  9 10 11 |
---------------+----------------------------------+-----
Fighting       | 1 2 4 5 7 10 11 | 11.0
Earth Magic    | 4 5 6 7 |  7.0
Dodging        | 2 4 |  4.0
Spellcasting   | 4 6 |  6.0
Conjurations   | 3 4 6 |  6.0
Armour         | 4 6 |  6.0
Air Magic      | 3 |  3.0
Poison Magic   | 4 5 |  5.0
Stealth        | |  2.1
Transmutations | |  0.7

Action                   |  1- 3 |  4- 6 |  7- 9 | 10-12 || total
-------------------------+-------+-------+-------+-------++-------
Melee: Short sword       |     4 |       |       |       ||     4
       Flail             |    11 |       |       |       ||    11
       Dagger            |       |    37 |     3 |       ||    40
       Whip              |       |       |    19 |    44 ||    63
       Punch             |       |       |       |     1 ||     1
       Scimitar          |       |       |       |     6 ||     6
 Fire: Sling             |     6 |     3 |       |       ||     9
 Cast: Sandblast         |    37 |    17 |       |       ||    54
       Stone Arrow       |       |    30 |   167 |   100 ||   297
       Passwall          |       |       |     4 |       ||     4
       Mephitic Cloud    |       |       |       |     5 ||     5
Evoke: Wand              |       |     5 |     5 |     2 ||    12
  Use: Scroll            |       |     6 |     8 |     3 ||    17
       Potion            |       |     2 |     1 |     2 ||     5
 Stab: Confused          |       |       |       |     4 ||     4
Armor: Robe              |    11 |    31 |    31 |     1 ||    74
       Ring mail         |       |       |       |    51 ||    51
Dodge: Dodged            |    23 |    43 |    58 |    64 ||   188
Block: Other             |       |       |    17 |    26 ||    43
       Reflection        |       |       |     3 |     3 ||     6
